cohdb
Replays
Latest Replays
All Replays
Popular Replays
Top Player Replays
Match Explorer
How It Works
Community
CoH3 Stats
Reddit
Sign in to upload your games and track your stats! →
Sign in with Steam
Match 37419562
Unlisted
Match 37419562
Overview
Messages
Build Orders
End
Construct Barracks
Selects Special Operations Battlegroup
Selects M29 Weasel Recon Vehicle
M29 Weasel Recon Vehicle
Riflemen Squad
M1 Mortar Team
Riflemen Squad
M1 Mortar Team
Infantry Support Center
Grenade Package
Construct Weapon Support Center
M3 Armored Personnel Carrier
M1918 Browning Automatic Rifles
Construct Medical Station
M1919 Machine Gun Team
Advanced Logistics
Selects Raiding Flares
Raiding Flares
Selects SSF Commando Squad
SSF Commando Squad
Engineer Squad
Dahlian
Random_Target
Turtleboy
Nika
Sgt wiggumZ
MoronPark-打我自动下载原神
0
0
Comments
sign in to comment!
No comments posted yet!